 Dungeon Crawl Stone Soup version 0.29.0-13-gc9e81de378 (webtiles) character file.

Game seed: 1408682520341251170

6 sentinel the Digger (level 2, 0/20 HPs)
             Began as a Meteoran Earth Elementalist on Sept 9, 2022.
             Slain by a gnoll
             ... wielding a +2 flail of protection
              (8 damage)
             ... on level 2 of the Dungeon.
             The game lasted 00:00:31 (117 turns).

sentinel the Digger (Meteoran Earth Elementalist)    Turns: 117, Time: 00:00:31

Health: 0/20       AC:  2    Str:  9    XL:     2   Next: 11%
Magic:  6/6        EV: 12    Int: 16    God:
Gold:   0          SH:  0    Dex: 14    Spells: 3/6 levels left

rFire   . . .      SeeInvis .   (no weapon)
rCold   . . .      Faith    .   (no shield)
rNeg    . . .      Spirit   .   a - +0 robe
rPois   .          Reflect  .   (no helmet)
rElec   .          Harm     .   (no cloak)
rCorr   .          Rampage  .   (no gloves)
Will    .....                   (no boots)
Stlth   +.........              (no amulet)
HPRegen 0.06/turn               (no ring)
MPRegen 0.10/turn               (no ring)

@: glowing
A: sense surroundings 1, otherworldly, glowing, explore regen
a: no special abilities


You were on level 2 of the Dungeon.
You visited 1 branch of the dungeon, and saw 2 of its levels.

Inventory:

Missiles
 c - 3 boomerangs
Armour
 a - a +0 robe (worn)
Potions
 b - a potion of magic


   Skills:
 - Level 2.4 Dodging
 - Level 1.4 Stealth
 - Level 2.6 Spellcasting
 - Level 1.2 Transmutations
 + Level 4.2 Earth Magic


You had 3 spell levels left.
You knew the following spells:

 Your Spells              Type           Power      Damage    Failure   Level
a - Sandblast             Erth           30%        2d9       3%          1
c - Passwall              Tmut/Erth      8%         N/A       10%         2

Your spell library contained the following spells:

 Spells                   Type           Power      Damage    Failure   Level
 Stone Arrow              Conj/Erth      16%        3d8       24%         3
 Petrify                  Tmut/Erth      10%        N/A       54%         4


Dungeon Overview and Level Annotations

Branches:
Dungeon (2/15) Zot: 1080

Altars:


Innate Abilities, Weirdness & Mutations

You passively map a small area around you.
You are easily found by Zot.
You glow in the dark.
You regain HP and MP as you explore.


Message History

Welcome, sentinel the Meteoran Earth Elementalist.
Are you destined to find the fabled Orb of Zot, or to die trying?
Press ? for a list of commands and other information.
Found a leather armour.
Found a staircase leading out of the dungeon.
You open the door. You open the large door.
There is a large open door here.
You see here a +0 leather armour.
You open the door.
Found 3 boomerangs.
There is a large open door here.
Found a mace.
You see here 3 boomerangs.
c - 3 boomerangs You see here a +0 mace.
Found 14 gold pieces.
Found 4 gold pieces.
Found a stone staircase leading down.
There is a stone staircase leading down here.
You climb downwards.
There is a stone staircase leading up here.
An endoplasm comes into view.
A worm comes into view.
The blast of sand hits the endoplasm!
You kill the endoplasm!
You can't see any susceptible monsters within range! (Use Z to cast anyway.)
You can't see any susceptible monsters within range! (Use Z to cast anyway.)
You can't see any susceptible monsters within range! (Use Z to cast anyway.)
You can't see any susceptible monsters within range! (Use Z to cast anyway.)
The blast of sand hits the worm but does no damage.
The blast of sand hits the worm!
The worm is heavily wounded.
The blast of sand hits the worm!
You kill the worm!
Your Earth Magic skill increases to level 4!
You have reached level 2!
Memorise Passwall, consuming 2 spell levels and leaving 3?
You start memorising the spell.
You continue memorising. x2
You finish memorising.
Spell assigned to 'c'.
An endoplasm comes into view.
Found a stone staircase leading up.
The endoplasm quivers.
A gnoll comes into view. It is wielding a +0 spear.
A gnoll comes into view.
It is wielding a +2 flail of protection.
The endoplasm hits you.
The blast of sand hits the endoplasm.
You kill the endoplasm!
The gnoll shouts!
You hear a shout!
The blast of sand hits the gnoll.
The gnoll is moderately wounded.
A gnoll comes into view. It is wielding a +0 halberd.
The gnoll barely misses you.
The gnoll hits you from afar with a +0 spear.
An adder comes into view.
The adder hisses angrily.
A dart slug comes into view.
The gnoll attacks as you move away!
The gnoll hits you with a +2 flail of protection.
The gnoll attacks as you move away! The gnoll misses you.
Found a faded altar of an unknown god.
The floating eye turns its gaze towards you.
The gnoll attacks as you move away! The gnoll barely misses you.
A hobgoblin comes into view.
The eye of devastation turns its gaze towards you.
The floating eye turns its gaze towards you.
The hobgoblin closely misses you. The gnoll attacks as you move away!
The gnoll hits you with a +2 flail of protection!
The hobgoblin attacks as you move away! The hobgoblin misses you.
The hobgoblin attacks as you move away! The hobgoblin closely misses you.
The gnoll barely misses you. The gnoll attacks as you move away!
The gnoll misses you. The hobgoblin attacks as you move away!
The hobgoblin barely misses you. The gnoll attacks as you move away!
The gnoll hits you with a +2 flail of protection.
The gnoll attacks as you move away!
The gnoll hits you with a +2 flail of protection!
You die...

......##.#.#G#...#G#...
,
......w..w.###...###.#.
#...####...............
,
..##..........._......#
*
............g.........#
,
...........###g..###..*
...........#G#S..#G# ,.
...........###.gg###...#
**
................@......#
,
...........#####..#....#
........., ##..#.... , ,
* * *#.# ... , * * , ,
.. ,# , , ..., , , ,,
*... , * * .... , , * ,


You could see a floating eye, 3 gnolls, an adder, a dart slug and a hobgoblin.

Vanquished Creatures
  A worm (D:2)
  2 endoplasms (D:2)
3 creatures vanquished.

Notes
Turn   | Place    | Note
-------+----------+-------------------------------------------
     0 | D:1      | sentinel the Meteoran Earth Elementalist began the quest
                  | for the Orb.
     0 | D:1      | Reached XP level 1. HP: 14/14 MP: 5/5
    80 | D:2      | Reached skill level 4 in Earth Magic
    80 | D:2      | Reached XP level 2. HP: 20/20 MP: 2/6
    86 | D:2      | Learned a level 2 spell: Passwall
   106 | D:2      | Found a faded altar of an unknown god.
   106 | D:2      | Noticed a floating eye
   109 | D:2      | Noticed an eye of devastation
   109 | D:2      | Noticed a floating eye
   109 | D:2      | Noticed a floating eye
   117 | D:2      | Slain by a gnoll

Illustrated notes

Levels and vault maps discovered:
D:1:      denvon_arrival_planthouse, layout_basic, minivault_11,
          serial_park_tiny_pond, grunt_decor_resistance
D:2:      layout_rooms, hellmonk_ecumenical_altar_watching_god,
          grunt_ministairs_1, minmay_hedge_maze, uniq_sigmund

Skill      XL: |  1 |
---------------+----+-----
Earth Magic    | 4 |  4.2
Dodging        | |  2.4
Stealth        | |  1.4
Spellcasting   | |  2.6
Transmutations | |  1.2

Action                   || total
-------------------------++-------
 Cast: Sandblast         ||     6
Dodge: Dodged            ||     9
